Map: Frozen Temple

Players

blackxored

  • Race: Zerg Zerg
  • League: Platinum

IIIIIIIIIIII - Winner!

  • Race: Protoss Protoss
  • League: Platinum

VOD

Have the link to the VOD?

Description

Time

  • Played on: June 25, 2016, 5:30 p.m.
  • Length: 13:53
Show
View Real Time Build Order
Export as new Build Order

blackxored Zerg 

Build Orders: Hatch First 

Get SALT Encoding   

  12  0:01  Drone  
  13  0:08  Drone  
  14  0:17  Overlord  
  14  0:22  Extractor  
  14  0:24  Drone  
  15  0:39  Drone x2  
  17  1:12  Hatchery  
  17  1:16  Drone  
  17  1:17  Drone x2  
  19  1:33  Extractor  
  19  1:34  Spawning Pool  
  19  1:35  Drone  
  19  1:38  Drone  
  19  1:51  Overlord  
  19  2:00  Drone  
  20  2:11  Drone  
  21  2:20  Queen  
  21  2:22  Zergling x2  
  24  2:24  Queen  
  24  2:26  Zergling x2  
  27  2:32  Metabolic Boost  
  27  2:37  Zergling x4  
  29  2:54  Drone x2  
  29  2:55  Drone  
  31  3:18  Zergling x10  
  32  3:33  Drone x3  
  32  3:34  Drone  
  36  3:35  Overlord  
  35  3:54  Drone x4  
  39  3:57  Queen  
  39  3:58  Overlord  
  39  4:02  Drone x2, Hatchery  
  42  4:10  Pneumatized Carapace  
  42  4:13  Drone x2  
  44  4:30  Drone  
  45  4:36  Drone x2, Evolution Chamber  
  45  4:37  Baneling Nest  
  45  4:46  Drone x5  
  45  4:49  Extractor  
  45  4:50  Extractor  
  45  4:52  Lair  
  48  4:53  Drone x2  
  50  5:08  Drone  
  50  5:10  Roach Warren  
  50  5:11  Drone x2  
  52  5:22  Zerg Ground Armor Level 1  
  52  5:27  Overlord x3  
  52  5:28  Overlord  
  52  5:41  Queen  
  54  5:43  Overlord x3  
  54  5:50  Roach  
  54  5:51  Roach x8  
  54  5:52  Roach  
  74  5:57  Glial Reconstitution  
  74  6:07  Roach x2  
  74  6:08  Roach  
  80  6:17  Baneling x3  
  80  6:20  Baneling  
  80  6:36  Roach x4  
  84  6:55  Roach x6  
  70  7:18  Roach x6  
  68  7:31  Drone x11  
  78  7:45  Drone x2  
  78  7:46  Drone  
  75  8:13  Drone x6  
  75  8:16  Queen  
  75  8:17  Queen  
  76  8:22  Drone x2  
  74  8:31  Drone  
  75  8:36  Overseer  
  75  8:41  Drone  
  75  8:45  Drone  
  77  8:59  Ravager  
  77  9:02  Drone  
  79  9:03  Drone x2  
  81  9:21  Roach x2  
  81  9:22  Zergling x4  
  81  9:23  Zergling x2  
  63  9:35  Drone x4  
  67  9:47  Drone x2  
  66  9:57  Spore Crawler, Drone x2  
  66  9:59  Spore Crawler  
  66  10:00  Spore Crawler  
  53  10:15  Drone x5  
  58  10:22  Ravager  
  58  10:27  Spore Crawler  
  56  10:31  Queen  
  56  10:43  Ravager  
  56  10:48  Spore Crawler  
  56  10:52  Spore Crawler  
  56  10:57  Spore Crawler  
  56  11:03  Spore Crawler  
  52  11:10  Ravager  
  51  11:27  Ravager  
  51  11:31  Roach x3  
  53  11:35  Zergling x4  
  53  11:36  Zergling x16  
  60  11:44  Spore Crawler  
  60  11:46  Queen, Spore Crawler  
  58  12:19  Ravager  
  59  12:25  Queen  
  54  12:31  Zergling x18  
  51  12:57  Queen  
  53  13:06  Ravager x2  
  53  13:07  Ravager  
  53  13:27  Drone x3  
  53  13:31  Spore Crawler  
  53  13:32  Spore Crawler  
Show
View Real Time Build Order
Export as new Build Order

IIIIIIIIIIII Protoss - Winner!

Build Orders:  

Get SALT Encoding   

  12  0:01  Probe (Chrono Boost)  
  13  0:11  Probe (Chrono Boost)  
  14  0:22  Pylon  
  14  0:23  Probe (Chrono Boost)  
  15  0:40  Probe (Chrono Boost)  
  16  0:49  Gateway  
  16  0:51  Probe (Chrono Boost)  
  17  1:09  Pylon  
  17  1:12  Probe (Chrono Boost)  
  18  1:25  Probe (Chrono Boost)  
  19  1:32  Assimilator  
  19  1:36  Assimilator  
  19  1:40  Cybernetics Core  
  19  1:46  Nexus  
  19  1:49  Probe (Chrono Boost)  
  20  1:59  Probe (Chrono Boost)  
  20  2:01  Pylon  
  21  2:10  Probe (Chrono Boost)  
  22  2:18  Adept  
  22  2:19  Warp Gate  
  24  2:24  Probe (Chrono Boost)  
  25  2:34  Gateway  
  25  2:45  Adept  
  25  2:49  Mothership Core (Chrono Boost)  
  29  3:08  Probe (Chrono Boost)  
  29  3:32  Probe x2 (Chrono Boost)  
  31  3:48  Adept x2  
  33  3:53  Probe x2 (Chrono Boost)  
  33  4:25  Pylon  
  33  4:29  Twilight Council  
  33  4:30  Probe x2 (Chrono Boost)  
  35  4:32  Gateway, Assimilator  
  35  4:35  Adept x2, Gateway x2  
  35  4:37  Assimilator  
  39  4:40  Probe (Chrono Boost)  
  39  4:42  Probe (Chrono Boost)  
  41  4:51  Twilight Council, Probe (Chrono Boost)  
  43  4:53  Probe (Chrono Boost)  
  43  4:57  Adept x2  
  47  5:06  Resonating Glaives (Chrono Boost)  
  47  5:20  Pylon  
  47  5:21  Pylon  
  47  5:29  Adept x2  
  47  5:32  Adept  
  53  5:39  Pylon  
  53  5:41  Adept x2, Pylon  
  57  5:47  Pylon  
  57  5:50  Adept x2  
  57  5:52  Adept  
  63  6:02  Adept x2  
  67  6:14  Adept x3  
  73  6:19  Probe  
  73  6:20  Probe  
  75  6:27  Pylon  
  75  6:32  Probe  
  75  6:34  Probe  
  75  6:37  Stargate  
  77  6:46  Probe  
  54  7:42  Stalker x3  
  54  7:43  Stalker x2  
  64  7:44  Void Ray  
  50  8:27  Void Ray (Chrono Boost)  
  50  8:30  Stalker x2  
  50  8:31  Stalker x2  
  50  8:32  Stalker  
  60  8:50  Dark Shrine, Probe x2  
  62  9:02  Probe  
  63  9:06  Void Ray (Chrono Boost)  
  67  9:41  Pylon  
  67  9:42  Pylon  
  67  9:43  Void Ray (Chrono Boost)  
  51  11:46  Void Ray (Chrono Boost)  
  55  11:52  Dark Templar x3  
  55  11:53  Dark Templar x2  
  65  12:23  Void Ray (Chrono Boost)  
  55  13:31  Dark Templar  
  55  13:32  Dark Templar x2  
Tags
 
Add a new tag
Caveats
  • Supply blocks, unpowered buildings, or Contaminate may cause inaccurate times.
  • Supply counts are checked every 10 seconds.